 Dungeon Crawl Stone Soup version 0.23.2-1-ga50397a (webtiles) character file.

Game seed: 13102589925893431340

100 goulibeur the Skirmisher (level 4, -8/40 HPs)
             Began as a Draconian Berserker on May 23, 2019.
             Was a Believer of Trog.
             Mangled by Sigmund
             ... wielding a +1 scythe of slicing
              (12 damage)
             ... on level 2 of the Dungeon.
             The game lasted 00:05:07 (2013 turns).

goulibeur the Skirmisher (Draconian Berserker)      Turns: 2013, Time: 00:05:08

Health: -8/40      AC:  5    Str: 19    XL:     4   Next: 46%
Magic:  4/4        EV: 13    Int:  8    God:    Trog [**....]
Gold:   79         SH:  0    Dex: 11    Spells: 3/3 levels left

rFire    . . .     SeeInvis .   c - +1 whip (holy)
rCold    . . .     Gourm    .   (no shield)
rNeg     . . .     Faith    .   (armour unavailable)
rPois    .         Spirit   .   (helmet restricted)
rElec    .         Reflect  .   (no cloak)
rCorr    .         Harm     .   (no gloves)
MR       .....                  (no boots)
Stlth    +.........             (no amulet)
HPRegen  0.13/turn              (no ring)
MPRegen  0.09/turn              (no ring)

@: confused, lethally poisoned (-8 -> -9), berserk cooldown, slowed, very slow
A: unfitting armour, cold-blooded, AC +5
a: Berserk, Trog's Hand, Renounce Religion


You were on level 2 of the Dungeon.
You worshipped Trog.
Trog was pleased with you.
You were hungry.

You visited 1 branch of the dungeon, and saw 2 of its levels.

You collected 79 gold pieces.

Inventory:

Hand Weapons
 a - a +0 mace
 c - a +1 whip of holy wrath (weapon)
Scrolls
 g - a scroll of immolation {unknown}
 h - a scroll of fear {unknown}
Potions
 d - a potion of resistance {unknown}
 e - a potion of heal wounds {unknown}
 f - a potion of haste {unknown}
Comestibles
 b - 6 rations
 i - 3 chunks of flesh


   Skills:
 + Level 4.0 Fighting
 + Level 3.7 Maces & Flails
 + Level 1.6 Throwing
 + Level 3.3 Dodging


You had 3 spell levels left.
You didn't know any spells.
Your spell library was empty.

Dungeon Overview and Level Annotations

Branches:
Dungeon (2/15)

Altars:
Zin

Annotations:
D:2 Sigmund


Innate Abilities, Weirdness & Mutations

Your plain brown scales are hard. (AC +5)
You cannot fit into any form of body armour.
You are cold-blooded and may be slowed by cold attacks.


Message History

Trog accepts your kill.
You hear some strange, mumbled words.
You are confused.
You're too confused to move!
Something hits you!
You feel a strong urge to attack something.
You feel sick.
You bump into the rock wall.
You bump into the rock wall.
You feel your anger nearly subside.
You are no longer berserk.
You are exhausted.
You feel yourself slow down. Something hits you!
You bump into the rock wall.
You feel sick. Something hits you.
* * * LOW HITPOINT WARNING * * *
x2 You miss something.
Your tail-slap misses something.
Something hits you.
* * * LOW HITPOINT WARNING * * *
x2 You bump into the rock wall.
You hear some strange, mumbled words.
You are more confused.
You feel sick. Something hits you!
You die...

......# # ##.#
##.......## #
...##.# #.#...
#.[.......####
........ ...?.
+.........÷...
...##.### #.#...##
#.........####
...# # #......#
#.......## # #.##
#.# ##.....## #.#
#{# ##...## ..#
#.# ##'## .. #@#
#.# #.#######÷#
#.#.......######.#
#.#.###.........#
#...........###..#
###.####...##
#.#####.##
#.......#
#########


There were no monsters in sight!

Vanquished Creatures
  4 adders (D:2)
  3 worms (D:2)
  3 dart slugs
  2 leopard geckos (D:1)
  3 bats
  2 giant cockroaches
  4 goblins
  6 hobgoblins
  2 jackals (D:2)
  8 kobolds
  5 frilled lizards (D:2)
  8 rats
50 creatures vanquished.

Notes
Turn   | Place    | Note
-------+----------+-------------------------------------------
     0 | D:1      | goulibeur the Draconian Berserker began the quest for the
                  | Orb.
     0 | D:1      | Reached XP level 1. HP: 19/19 MP: 1/1
   111 | D:1      | Reached XP level 2. HP: 15/26 MP: 2/2
   971 | D:1      | Reached skill level 1 in Throwing
  1021 | D:2      | Reached XP level 3. HP: 29/31 MP: 3/3
  1035 | D:2      | Reached ** piety under Trog
  1353 | D:2      | Found a glowing silver altar of Zin.
  1726 | D:2      | Reached XP level 4. HP: 34/40 MP: 4/4
  1908 | D:2      | Reached skill level 4 in Fighting
  1994 | D:2      | Noticed Sigmund
  2013 | D:2      | Mangled by Sigmund

Skill      XL: |  1  2  3  4 |
---------------+-------------+-----
Dodging        | 3 |  3.3
Throwing       | 1 |  1.6
Fighting       | 4 |  4.0
Maces & Flails | |  3.7

Action                   |  1- 3 |  4- 6 || total
-------------------------+-------+-------++-------
Melee: Whip              |   161 |    23 ||   184
       Tailslap          |    20 |     5 ||    25
       Mace              |     1 |       ||     1
Invok: Berserk           |       |     1 ||     1
  Eat: Chunk             |     3 |     1 ||     4
Armor: Skin              |    35 |     5 ||    40
Dodge: Dodged            |    90 |     9 ||    99
